 Dungeon Crawl Stone Soup version 0.30-a0-359-gd0147acb1a (webtiles) character file.

Game seed: 14223559299959056452

124429 billz999 the Skirmisher (level 16, -2/103 (126) HPs)
             Began as a Gnoll Hunter on Nov 11, 2022.
             Was an Initiate of Yredelemnul.
             Slain by an ogre
             ... wielding a +0 giant club
              (10 damage)
             ... on level 14 of the Dungeon.
             The game lasted 01:00:07 (27483 turns).

billz999 the Skirmisher (Gnoll Hunter)             Turns: 27483, Time: 01:00:08

HP:   -2/103 (126)  AC: 12    Str: 33    XL:     16   Next: 93%
MP:   30/30         EV: 18    Int:  8    God:    Yredelemnul [......]
Gold: 166           SH:  5    Dex: 20    Spells: 25/36 levels left

rFire   + . .      SeeInvis .    b - +9 quarterstaff of the Bedazzling Hero {elec, Str+7}
rCold   + . .      Faith    .    (shield currently unavailable)
rNeg    . . .      Spirit   .    Z - +1 scale mail {Will+}
rPois   +          Reflect  +    (no helmet)
rElec   .          Harm     .    D - +0 cloak
rCorr   .          Rampage  .    h - +0 pair of gloves of the Past {rPois rF+ Will- Str+3}
Will    ++...                    (no boots)
Stlth   ++++......               s - amulet of reflection
HPRegen 0.37/turn                V - ring "Hiegufo" {rC+ Will+ Str+4}
MPRegen 0.22/turn                X - +6 ring of strength

@: heavily drained
A: fangs 1, strong nose, distributed training, claws 1, hooves 1, clumsy 1
a: Renounce Religion, Recall Undead Harvest


You were on level 14 of the Dungeon.
You worshipped Yredelemnul.
Yredelemnul was aware of your devotion.
You visited 3 branches of the dungeon, and saw 21 of its levels.
You also visited: Bailey.

You collected 1846 gold pieces.
You spent 1680 gold pieces at shops.

Inventory:

Hand Weapons
 a - a +6 vorpal arbalest
 b - the +9 quarterstaff of the Bedazzling Hero (weapon) {elec, Str+7}
   (You bought it in a shop on level 9 of the Dungeon)

   It occasionally discharges a powerful burst of electricity upon striking a
   foe.
   Str:       It affects your strength (+7).
 t - the +5 hand crossbow "Sopp" {drain, +Blink}
   (You acquired it on level 3 of the Lair of Beasts)

   A truly terrible weapon, it drains the life of any living foe it strikes.
   +Blink:    It lets you blink.
 P - the +7 war axe of Siuluquw {protect, *Noise Fly rElec}
   (You found it on level 5 of the Lair of Beasts)

   It grants its wielder temporary protection when it strikes (+7 to AC).
   rElec:     It insulates you from electricity.
   Fly:       It grants you flight.
   *Noise:    It may make noises in combat.
 Y - the +4 quick blade "Killer Klown's Doom" {vorpal, rPois MP+9 Int+2 Dex+4}
   (You acquired it in a bailey)

   It inflicts extra damage upon your enemies.
   Int:       It affects your intelligence (+2).
   Dex:       It affects your dexterity (+4).
   rPois:     It protects you from poison.
   MP:        It affects your magic capacity (+9).
Missiles
 y - 3 throwing nets
Armour
 h - the +0 pair of gloves of the Past (worn) {rPois rF+ Will- Str+3}
   (You bought it in a shop on level 2 of the Orcish Mines)

   Str:       It affects your strength (+3).
   rF:        It protects you from fire.
   rPois:     It protects you from poison.
   Will:      It decreases your willpower.
 D - a +0 cloak (worn)
 U - a +3 scale mail
 Z - a +1 scale mail of willpower (worn)
Jewellery
 d - an amulet of magic regeneration
 g - a ring of magical power
 j - a +4 ring of protection
 n - an amulet of the acrobat
 s - an amulet of reflection (around neck)
 u - a +4 ring of slaying
 B - a +6 ring of intelligence
 V - the ring "Hiegufo" (left hand) {rC+ Will+ Str+4}
   (You acquired it on level 3 of the Lair of Beasts)

   [ring of willpower]

   Str:       It affects your strength (+4).
   rC:        It protects you from cold.
   Will:      It increases your willpower.
 X - a +6 ring of strength (right hand)
Wands
 f - a wand of flame (12)
 I - a wand of polymorph (12)
 R - a wand of charming (13)
Scrolls
 e - 4 scrolls of magic mapping
 i - a scroll of vulnerability
 k - 4 scrolls of poison
 l - 3 scrolls of brand weapon
 m - 5 scrolls of blinking
 p - a scroll of noise {unknown}
 q - 2 scrolls of amnesia
 r - 4 scrolls of torment
 z - a scroll of enchant armour {unknown}
 A - 2 scrolls of fear
 F - a scroll of summoning
 N - 9 scrolls of teleportation
 O - 2 scrolls of butterflies
 S - 3 scrolls of immolation
Potions
 v - a potion of mutation
 w - 7 potions of curing
 x - 3 potions of resistance
 E - 4 potions of heal wounds
 G - 3 potions of invisibility
 H - 3 potions of flight
 K - 2 potions of might
 L - 3 potions of attraction {unknown}
 M - 7 potions of haste {unknown}
 Q - 2 potions of lignification
 T - 3 potions of magic
 W - 2 potions of ambrosia {unknown}


   Skills:
 + Level 11.6 Fighting
 + Level 10.6 Short Blades
 + Level 10.6 Long Blades
 + Level 10.6 Axes
 + Level 10.6 Maces & Flails
 + Level 10.6 Polearms
 + Level 10.6 Staves
 + Level 13.4 Ranged Weapons
 + Level 10.6 Throwing
 + Level 10.6 Armour
 + Level 11.6 Dodging
 + Level 10.9 Stealth
 + Level 10.6 Shields
 + Level 10.6 Unarmed Combat
 + Level 10.6 Spellcasting
 + Level 9.0 Conjurations
 + Level 9.0 Hexes
 + Level 9.0 Summonings
 + Level 9.0 Necromancy
 + Level 9.0 Translocations
 + Level 9.0 Transmutations
 + Level 9.0 Fire Magic
 + Level 9.0 Ice Magic
 + Level 9.0 Air Magic
 + Level 9.0 Earth Magic
 + Level 9.0 Poison Magic
 + Level 11.6 Invocations
 + Level 10.6 Evocations


You had 25 spell levels left.
You knew the following spells:

 Your Spells              Type           Power      Damage    Failure   Level
a - Hailstorm             Conj/Ice       18%        3d6       1%          3
b - Teleport Other        Tloc           18%        N/A       1%          3
c - Freezing Cloud        Conj/Ice/Air   9%         6-21      17%         5

Your spell library contained the following spells:

 Spells                   Type           Power      Damage    Failure   Level
 Summon Small Mammal      Summ           72%        N/A       1%          1
 Call Canine Familiar     Summ           18%        N/A       1%          3
 Gell's Gravitas          Tloc           18%        N/A       1%          3
 Lesser Beckoning         Tloc           36%        N/A       1%          3
 Portal Projectile        Hex/Tloc       36%        N/A       1%          3
 Summon Guardian Golem    Hex/Summ       18%        N/A       1%          3
 Ice Form                 Ice/Tmut       18%        N/A       6%          4
 Leda's Liquefaction      Hex/Erth       9%         N/A       6%          4
 Passage of Golubria      Tloc           18%        N/A       6%          4
 Silence                  Hex/Air        9%         N/A       17%         5
 Borgnjor's Revivificati  Necr           9%         N/A       100%        8
 Lehudib's Crystal Spear  Conj/Erth      9%         10d4      100%        8
 Necromutation            Tmut/Necr      9%         N/A       100%        8
 Death's Door             Necr           9%         N/A       100%        9
 Polar Vortex             Ice            9%         N/A       100%        9
 Simulacrum               Ice/Necr       Unusable   N/A       N/A         6

Dungeon Overview and Level Annotations

Branches:
Dungeon (14/15)            Temple (0/1) D:6            Lair (5/5) D:9
 Shoals (0/4) Lair:3       Spider (0/4) Lair:3        Slime (0/5) Lair:4
    Orc (2/2) D:12            Elf (0/3) Orc:2        Bailey (visited)
 Vaults: D:13-14

Altars:
Cheibriados
Dithmenos
Elyvilon
Gozag
Kikubaaqudgha
Okawaru
Ru
Sif Muna
Vehumet
Yredelemnul
Jiyva

Shops:
D:9 ?**   D:14 [   Orc:1 !=   Orc:2 *:?![

Annotations:
D:6 1 runed translucent door, blackman's ghost, weakling HuDe
D:9 3 runed translucent doors, Manisia's ghost, novice SpEn
D:10 2 runed translucent doors, HilariousDeathArtist's ghost, journeyman VSCK
Lair:2 1 runed translucent door, Gyitair's ghost, journeyman DDFi
Orc:1 Donald


Innate Abilities, Weirdness & Mutations

You have very sharp teeth.
Your uncanny sense of smell can sniff out nearby items.
Your experience applies equally to all skills.
You have sharp fingernails.
You have large cloven feet.
You are clumsy. (Dex -2)


Message History

You feel drained.
* * * LOW HITPOINT WARNING * * *
The centaur shoots an arrow.
The arrow barely misses you.
The centaur warrior shoots an arrow.
The arrow barely misses you.
The centaur shoots an arrow.
The arrow hits you but does no damage.
The centaur shoots an arrow.
The arrow hits you.
* * * LOW HITPOINT WARNING * * *
The centaur shoots an arrow.
You reflect the arrow off an invisible shield around you!
The arrow hits the centaur!
Fire: a) +6 arbalest (vorpal)
Press: ? - help, Shift-Dir - straight line, f - centaur
Aim: a centaur, wielding a +0 shortbow (severely wounded, 80% to hit)
You shoot a bolt. The bolt hits the centaur.
The centaur is almost dead.
The centaur shoots an arrow.
The arrow barely misses you.
The centaur shoots an arrow.
The arrow hits you!
* * * LOW HITPOINT WARNING * * *
Fire: a) +6 arbalest (vorpal)
Press: ? - help, Shift-Dir - straight line, f/p - centaur
Aim: a centaur, wielding a +0 shortbow (almost dead, 80% to hit)
You shoot a bolt. The bolt hits the centaur.
You kill the centaur!
You hear a shout! x3; You hear two shouts!
You hear a shout! x2
The ogre shouts!
You hear a shout! x5
You hear a shout!
You feel stronger.
You hear the crackle of electricity.
b - the +9 quarterstaff of the Bedazzling Hero (weapon)
{elec, Str+7} The centaur warrior shoots an arrow.
The arrow hits your centaur zombie!!
Your centaur zombie is destroyed!
You bludgeon the ogre!! You kick the ogre.
The ogre is severely wounded.
The centaur warrior shoots an arrow.
The arrow hits you!
* * * LOW HITPOINT WARNING * * *
You feel drained.
* * * LOW HITPOINT WARNING * * *
The ogre hits you with a +0 giant club!
You die...
Your body rises from the dead as a mindless zombie.

#....## #..###
###....## # #..###
##.c.#####........
. #..#
∆#.#..............
## ∆ .##..# ∆
#.#####..........
.# #z#..# # #.#
##.c....... .#
##.#..#.## #.#
##........ .#
........ #.#
#∩........
.#####.#..#.#####.#
#....c....
.Z.Z..g........O@.#
#....c!..#
......O...........#
#....cZ###
.#####.#..#.#######
#......c# .#
........ ##..###..#
.# #.#..#.# ####
#.c .# #.#..# # ..
.# ∆ g## .# ∆ #.
.#∆ . .# ∆ #


You could see a centaur warrior and an ogre.

Vanquished Creatures
  Harold (D:10)
  5 hydras
  An anaconda (Lair:5)
  2 centaur warriors
  Erica (Lair:2)
  An alligator (Lair:4)
  2 two-headed ogres
  A death knight (D:14)
  4 skeletal warriors (D:13)
  An orb spider (Lair:3)
  Pikel (D:6)
  An ugly thing (D:11)
  4 orc knights
  2 orc sorcerers
  A manticore (Lair:3)
  An oklob plant (Lair:5)
  3 cyclopes
  Maurice (D:9)
  4 black mambas
  8 elephants
  5 cane toads
  5 gargoyles
  An unseen horror (D:11)
  2 rime drakes (Lair:5)
  8 komodo dragons
  A kobold demonologist (Bailey)
  A yaktaur (D:8)
  9 trolls
  8 polar bears
  A wind drake (Lair:3)
  2 slime creatures
  2 dream sheep (Lair:2)
  6 blink frogs
  A shadow (D:11)
  5 wraiths
  45 yaks
  2 wyverns
  3 basilisks
  3 steam dragons
  2 vampire mosquitoes (D:14)
  5 wargs
  Menkaure (D:7)
  An acid dragon (D:9)
  10 hell hounds (Lair:5)
  14 water moccasins
  2 sky beasts
  37 orc warriors
  Pargi (D:3)
  3 ice beasts
  12 black bears
  5 ogres
  23 centaurs
  13 wolves
  A boggart (D:14)
  2 phantoms
  10 bullfrogs
  A kobold brigand (D:14)
  A necrophage (D:7)
  2 gnoll sergeants
  4 scorpions
  7 killer bees
  4 howler monkeys
  5 electric eels (Bailey)
  4 hounds
  5 jellies
  Crazy Yiuf (D:4)
  15 orc priests
  A gnoll bouda (D:4)
  6 iguanas
  15 orc wizards
  9 adders
  21 gnolls
  A white imp (D:6)
  2 ufetubi
  69 orcs
  5 bats
  18 endoplasms
  A giant cockroach (D:3)
  12 hobgoblins
  8 jackals
  9 kobolds
  3 quokkas
  2 ball pythons
  2 frilled lizards
  10 goblins
  A rat (D:1)
541 creatures vanquished.

Vanquished Creatures (collateral kills)
  2 hydras
  A manticore (Lair:5)
  An elephant (Lair:5)
  A black mamba (Lair:4)
  A torpor snail (Lair:5)
  A cane toad (Lair:4)
  2 rime drakes
  A komodo dragon (Lair:3)
  4 polar bears
  A raiju (Lair:5)
  2 dream sheep (Lair:5)
  2 slime creatures (D:13)
  3 blink frogs
  A wraith (D:9)
  6 yaks
  2 wargs (Lair:5)
  5 water moccasins
  4 hell hounds (Lair:5)
  4 black bears
  An ice beast (D:6)
  A centaur (D:10)
  6 wolves (Lair:5)
  Blork the orc (D:5)
  A kobold brigand (D:6)
  3 bullfrogs
  A killer bee (D:10)
  A howler monkey (D:9)
  2 jellies
  An orc priest (D:12)
  An iguana (D:6)
  2 orc wizards
  A gnoll (D:9)
  5 orcs
  An endoplasm (D:9)
  2 goblins
  A kobold (D:4)
  A quokka (D:4)
  A ball python (D:3)
  A rat (D:3)
78 creatures vanquished.

Vanquished Creatures (others)
  An anaconda zombie (Lair:5)
  A black mamba zombie (Lair:5)
  A slime creature zombie (D:9)
  A two-headed ogre zombie (D:9)
  A cane toad zombie (Lair:5)
  5 blink frog zombies
  3 elephant zombies
  A dream sheep zombie (Lair:5)
  A vampire mosquito zombie (D:14)
  A rime drake zombie (Lair:2)
  A yaktaur zombie (D:8)
  A komodo dragon zombie (Lair:5)
  4 hell hound zombies (Lair:5)
  A water moccasin zombie (Lair:3)
  8 yak zombies
  3 polar bear zombies (Lair:5)
  A warg zombie (Lair:5)
  A troll zombie (D:12)
  4 wolf zombies (Lair:5)
  8 centaur zombies
  6 bullfrog zombies
  4 black bear zombies
  A boggart zombie (D:14)
  2 scorpion zombies (D:6)
  An ice beast zombie (D:5)
  An acid dragon zombie (D:9)
  A sky beast zombie (D:6)
  2 hound zombies
  3 howler monkey zombies
  A spectral gnoll (D:4)
  4 adder zombies
  3 iguana zombies
  3 jelly zombies
  A spectral white imp (D:6)
  A bat zombie (D:3)
  A ball python zombie (D:4)
  6 endoplasm zombies
  8 gnoll zombies
  6 goblin zombies
  3 hobgoblin zombies
  3 jackal zombies (D:3)
  5 kobold zombies
  45 orc zombies
  A quokka zombie (D:4)
  48 fungi
  101 plants
  2 withered plants (D:6)
311 creatures vanquished.

Grand Total: 930 creatures vanquished

Notes
Turn   | Place    | Note
-------+----------+-------------------------------------------
     0 | D:1      | billz999 the Gnoll Hunter began the quest for the Orb.
     0 | D:1      | Reached XP level 1. HP: 20/20 MP: 1/1
   245 | D:1      | Reached XP level 2. HP: 23/26 MP: 2/2
   581 | D:1      | Reached XP level 3. HP: 31/31 MP: 3/3
   720 | D:2      | Reached skill level 1 in Invocations
   973 | D:2      | Found a basalt altar of Yredelemnul.
  1031 | D:2      | Reached skill level 1 in Short Blades
  1031 | D:2      | Reached skill level 1 in Long Blades
  1031 | D:2      | Reached skill level 1 in Axes
  1031 | D:2      | Reached skill level 1 in Maces & Flails
  1031 | D:2      | Reached skill level 1 in Polearms
  1031 | D:2      | Reached skill level 1 in Staves
  1031 | D:2      | Reached skill level 1 in Throwing
  1031 | D:2      | Reached skill level 1 in Armour
  1031 | D:2      | Reached skill level 1 in Shields
  1031 | D:2      | Reached skill level 1 in Unarmed Combat
  1031 | D:2      | Reached skill level 1 in Spellcasting
  1031 | D:2      | Reached skill level 1 in Evocations
  1063 | D:2      | Became a worshipper of Yredelemnul the Dark
  1114 | D:2      | Reached XP level 4. HP: 38/38 MP: 5/5
  1515 | D:2      | Reached * piety under Yredelemnul
  1706 | D:3      | Reached skill level 1 in Conjurations
  1706 | D:3      | Reached skill level 1 in Hexes
  1706 | D:3      | Reached skill level 1 in Summonings
  1706 | D:3      | Reached skill level 1 in Necromancy
  1706 | D:3      | Reached skill level 1 in Translocations
  1706 | D:3      | Reached skill level 1 in Transmutations
  1706 | D:3      | Reached skill level 1 in Fire Magic
  1706 | D:3      | Reached skill level 1 in Ice Magic
  1706 | D:3      | Reached skill level 1 in Air Magic
  1706 | D:3      | Reached skill level 1 in Earth Magic
  1706 | D:3      | Reached skill level 1 in Poison Magic
  1709 | D:3      | Noticed Pargi
  1731 | D:3      | Gained mutation: You have large cloven feet. [potion of
                  | mutation]
  1731 | D:3      | Gained mutation: You have sharp fingernails. [potion of
                  | mutation]
  1731 | D:3      | Gained mutation: You are clumsy. (Dex -2) [potion of
                  | mutation]
  1745 | D:3      | Killed Pargi
  1746 | D:3      | Reached XP level 5. HP: 22/43 MP: 5/7
  2003 | D:3      | Found a snail-covered altar of Cheibriados.
  2297 | D:3      | Reached XP level 6. HP: 41/50 MP: 8/8
  2649 | D:4      | Reached skill level 5 in Fighting
  2649 | D:4      | Reached skill level 5 in Dodging
  3036 | D:4      | Reached XP level 7. HP: 40/56 MP: 10/10
  3220 | D:4      | Reached ** piety under Yredelemnul
  3332 | D:4      | Reached skill level 9 in Ranged Weapons
  3565 | D:4      | Found a runed translucent door.
  3566 | D:4      | Noticed Crazy Yiuf
  3819 | D:4      | Killed Crazy Yiuf
  3858 | D:5      | Entered Level 5 of the Dungeon
  3883 | D:5      | Reached XP level 8. HP: 63/63 MP: 12/12
  4351 | D:5      | Noticed Blork the orc
  4358 | D:5      | Killed Blork the orc
  4661 | D:6      | Found a staircase to the Ecumenical Temple.
  4784 | D:6      | Reached XP level 9. HP: 50/69 MP: 14/14
  5058 | D:6      | Reached skill level 5 in Stealth
  5070 | D:6      | Found a runed translucent door.
  5071 | D:6      | Noticed blackman's ghost (weakling HuDe)
  5098 | D:6      | Found a shadowy altar of Dithmenos.
  5147 | D:6      | Noticed a troll
  5164 | D:6      | Reached skill level 5 in Invocations
  5172 | D:6      | Killed a troll
  5436 | D:6      | Noticed Pikel
  5450 | D:6      | Killed Pikel
  5451 | D:6      | Reached skill level 5 in Short Blades
  5451 | D:6      | Reached skill level 5 in Long Blades
  5451 | D:6      | Reached skill level 5 in Axes
  5451 | D:6      | Reached skill level 5 in Maces & Flails
  5451 | D:6      | Reached skill level 5 in Polearms
  5451 | D:6      | Reached skill level 5 in Staves
  5451 | D:6      | Reached skill level 5 in Throwing
  5451 | D:6      | Reached skill level 5 in Armour
  5451 | D:6      | Reached skill level 5 in Shields
  5451 | D:6      | Reached skill level 5 in Unarmed Combat
  5451 | D:6      | Reached skill level 5 in Spellcasting
  5451 | D:6      | Reached skill level 5 in Evocations
  5451 | D:6      | Reached XP level 10. HP: 75/77 MP: 17/17
  5534 | D:6      | Reached skill level 10 in Ranged Weapons
  5793 | D:7      | Noticed Menkaure
  5808 | D:7      | Killed Menkaure
  6110 | D:7      | Learned a level 3 spell: Hailstorm
  6290 | D:7      | Identified the +1 mace of Peace {drain, *Rage rElec rPois
                  | Dex+8}
  6322 | D:7      | Found a shimmering blue altar of Sif Muna.
  6323 | D:7      | Found an iron altar of Okawaru.
  6324 | D:7      | Found an ancient bone altar of Kikubaaqudgha.
  6325 | D:7      | Found a white marble altar of Elyvilon.
  6325 | D:7      | Found a radiant altar of Vehumet.
  6326 | D:7      | Found a sacrificial altar of Ru.
  7434 | D:8      | Reached skill level 5 in Conjurations
  7434 | D:8      | Reached skill level 5 in Hexes
  7434 | D:8      | Reached skill level 5 in Summonings
  7434 | D:8      | Reached skill level 5 in Necromancy
  7434 | D:8      | Reached skill level 5 in Translocations
  7434 | D:8      | Reached skill level 5 in Transmutations
  7434 | D:8      | Reached skill level 5 in Fire Magic
  7434 | D:8      | Reached skill level 5 in Ice Magic
  7434 | D:8      | Reached skill level 5 in Air Magic
  7434 | D:8      | Reached skill level 5 in Earth Magic
  7434 | D:8      | Reached skill level 5 in Poison Magic
  7636 | D:8      | Reached *** piety under Yredelemnul
  7637 | D:8      | Reached XP level 11. HP: 85/85 MP: 20/20
  8400 | D:9      | HP: 4/85 [gnoll sergeant/+1 trident of freezing (1)]
  8692 | D:9      | Noticed a two-headed ogre
  8703 | D:9      | Killed a two-headed ogre
  8969 | D:9      | Found Ismeguiz's Magic Scroll Shoppe.
  8974 | D:9      | Bought a scroll of blinking for 75 gold pieces
  8974 | D:9      | Bought a scroll of teleportation for 30 gold pieces
  9270 | D:9      | Found a staircase to the Lair.
  9351 | D:9      | Noticed Maurice
  9364 | D:9      | Killed Maurice
  9390 | D:9      | Found Fowehixih's Assorted Antiques.
  9394 | D:9      | Bought a brightly glowing quarterstaff for 324 gold pieces
  9394 | D:9      | Identified the +9 quarterstaff of the Bedazzling Hero
                  | {elec, Str+7} (You bought it in a shop on level 9 of the
                  | Dungeon)
  9463 | D:9      | Found a runed translucent gate.
  9463 | D:9      | Found a runed translucent gate.
  9463 | D:9      | Found a runed translucent gate.
  9464 | D:9      | Noticed Manisia's ghost (novice SpEn)
  9464 | D:9      | Noticed a skeletal warrior
  9464 | D:9      | Noticed a deep elf pyromancer
  9464 | D:9      | Noticed a seven-headed hydra
  9465 | D:9      | Found an opulent altar of Gozag.
  9468 | D:9      | Found Ucenir's Assorted Antiques.
 10044 | D:9      | Learned a level 3 spell: Teleport Other
 10127 | Lair:1   | Entered Level 1 of the Lair of Beasts
 11494 | Lair:1   | Reached **** piety under Yredelemnul
 12018 | Lair:2   | Reached skill level 11 in Ranged Weapons
 12061 | Lair:2   | Noticed Gyitair's ghost (journeyman DDFi)
 12064 | Lair:2   | Found a runed translucent door.
 12284 | Lair:1   | Reached XP level 12. HP: 50/94 MP: 22/22
 12669 | Lair:2   | Noticed Erica
 12694 | Lair:2   | Killed Erica
 14439 | Lair:3   | Identified 2 scrolls of acquirement
 14440 | Lair:3   | Acquired the ring "Hiegufo" {rC+ Will+ Str+4}
 14441 | Lair:3   | Acquired the +5 hand crossbow "Sopp" {drain, +Blink}
 14769 | Lair:3   | Found a hole to the Spider Nest.
 15365 | Lair:3   | Found a staircase to the Shoals.
 16135 | Lair:4   | Reached ***** piety under Yredelemnul
 16178 | Lair:4   | Noticed a four-headed hydra
 16184 | Lair:4   | Killed a four-headed hydra
 16185 | Lair:4   | Reached XP level 13. HP: 101/101 MP: 25/25
 16301 | Lair:4   | Reached ****** piety under Yredelemnul
 16689 | Lair:4   | Identified the +1 chain mail "Udituma" {Harm rElec rF++
                  | Dex-3}
 16810 | Lair:4   | Found a viscous altar of Jiyva.
 16811 | Lair:4   | Found a staircase to the Slime Pits.
 17453 | Lair:5   | Entered Level 5 of the Lair of Beasts
 17481 | Lair:5   | Reached skill level 12 in Ranged Weapons
 17926 | Lair:5   | Found a gate leading to a gauntlet.
 17991 | Lair:4   | Reached skill level 10 in Fighting
 17991 | Lair:4   | Reached skill level 10 in Dodging
 18502 | Lair:5   | Reached XP level 14. HP: 91/110 MP: 27/27
 18507 | Lair:5   | Reached skill level 10 in Invocations
 18762 | Lair:5   | Identified the +7 war axe of Siuluquw {protect, *Noise Fly
                  | rElec}
 19044 | Lair:5   | Found the +8 autumn katana {vorpal, manifold assault}
 19498 | D:9      | Learned a level 5 spell: Freezing Cloud
 19605 | D:10     | Entered Level 10 of the Dungeon
 20341 | D:10     | Noticed Harold
 20344 | D:10     | Found a flagged portal.
 20351 | D:10     | Killed Harold
 20359 | Bailey   | Entered a bailey
 20781 | Bailey   | Acquired the +4 quick blade "Killer Klown's Doom" {vorpal,
                  | rPois MP+9 Int+2 Dex+4}
 21020 | Bailey   | Found an iron altar of Okawaru.
 21138 | Bailey   | Reached skill level 10 in Stealth
 21138 | Bailey   | Reached XP level 15. HP: 117/117 MP: 28/28
 21142 | Bailey   | Reached skill level 10 in Short Blades
 21142 | Bailey   | Reached skill level 10 in Long Blades
 21142 | Bailey   | Reached skill level 10 in Axes
 21142 | Bailey   | Reached skill level 10 in Maces & Flails
 21142 | Bailey   | Reached skill level 10 in Polearms
 21142 | Bailey   | Reached skill level 10 in Staves
 21142 | Bailey   | Reached skill level 13 in Ranged Weapons
 21142 | Bailey   | Reached skill level 10 in Throwing
 21142 | Bailey   | Reached skill level 10 in Armour
 21142 | Bailey   | Reached skill level 10 in Shields
 21142 | Bailey   | Reached skill level 10 in Unarmed Combat
 21142 | Bailey   | Reached skill level 10 in Spellcasting
 21142 | Bailey   | Reached skill level 10 in Evocations
 21142 | Bailey   | Reached XP level 16. HP: 125/125 MP: 28/30
 21624 | D:10     | Found a large runed translucent door.
 21624 | D:10     | Found a large runed translucent door.
 21627 | D:10     | Noticed HilariousDeathArtist's ghost (journeyman VSCK)
 23212 | D:12     | Found a staircase to the Orcish Mines.
 23295 | Orc:1    | Entered Level 1 of the Orcish Mines
 23341 | Orc:1    | Found Woenoas's Jewellery Emporium.
 23525 | Orc:1    | Found Qyxkan's Distillery.
 23531 | Orc:1    | Bought a potion of heal wounds for 80 gold pieces
 23531 | Orc:1    | Bought a potion of curing for 48 gold pieces
 23819 | Orc:2    | Entered Level 2 of the Orcish Mines
 24744 | Orc:2    | Noticed Donald
 25315 | Orc:2    | Found a staircase to the Elven Halls.
 25572 | Orc:2    | Found Eclafr Hock's Assorted Antiques.
 25580 | Orc:2    | Bought a scroll of blinking for 240 gold pieces
 25580 | Orc:2    | Bought a glowing arbalest for 240 gold pieces
 25701 | Orc:2    | Found Benegra's Distillery.
 25701 | Orc:2    | Found Xiobruba's Magic Scroll Shoppe.
 25703 | Orc:2    | Found Otei's Book Emporium.
 25705 | Orc:2    | Found Figaescha's Antique Armour Shop.
 25709 | Orc:2    | Bought a potion of magic for 136 gold pieces
 25709 | Orc:2    | Bought a potion of heal wounds for 85 gold pieces
 25710 | Orc:2    | Bought a scroll of blinking for 105 gold pieces
 25710 | Orc:2    | Bought a scroll of teleportation for 42 gold pieces
 25717 | Orc:2    | Bought a pair of spiked gloves for 275 gold pieces
 25717 | Orc:2    | Identified the +0 pair of gloves of the Past {rPois rF+
                  | Will- Str+3} (You bought it in a shop on level 2 of the
                  | Orcish Mines)
 27449 | D:14     | Found Hulofah's Armour Shoppe.
 27483 | D:14     | Slain by an ogre

Illustrated notes

Levels and vault maps discovered:
D:1:      dpeg_arrival_boxorama, layout_loops_ring
D:2:      layout_loops_ring, basic_altar, chequers_arboretum, chequers_jeans
D:3:      minmay_door_path, layout_loops_ring,
          mainiacjoe_overflow_concentric_impassable, uniq_pargi
D:4:      layout_basic, uniq_crazy_yiuf_cottage
D:5:      layout_basic, uniq_blork_the_orc
D:6:      hangedman_cross_stitches, layout_basic,
          mainiacjoe_overflow_tiny_flanked, minmay_temple_entry_trees,
          gammafunk_ghost_grave, uniq_pikel
D:7:      layout_loops_ring, grunt_temple_overflow_open, uniq_menkaure
D:8:      layout_basic
D:9:      lemuel_slime, layout_loops_ring, lair_entry_dummy,
          ebering_ghost_gozag, serial_shops, shop, kennysheep_little_box,
          uniq_maurice
D:10:     layout_stronghold, enter_bailey_2, ebering_ghost_disaster_area,
          mrwooster_statue_mirror, uniq_harold
D:11:     layout_loops_ring
D:12:     layout_loops_ring, hiddenorc1_lemuel
D:13:     layout_gridville
D:14:     layout_cave_pods, hangedman_vaults_entry_quadrant_bands, serial_shops,
          shop, onia_ninara_dug_in_and_dangerous
Lair:1:   beast_lair_carwin_large_1, layout_cave_pods, wad_woods_road_05
Lair:2:   layout_loops_ring, hellmonk_ghost_happy_afterlife,
          nicolae_lair_grazing_beasts [nicolae_sub_lair_graze_edge,
          nicolae_sub_lair_graze_edge, nicolae_sub_lair_graze_edge,
          nicolae_sub_lair_graze_edge], uniq_erica
Lair:3:   layout_layer_cave, minmay_shoals_entry_beasts,
          nicolae_spider_entry_orb_guardian
Lair:4:   layout_regular_city, slime_entry_1
Lair:5:   hangedman_lair_caniforms_friends, layout_big_grid,
          gauntlet_entry_generic, hangedman_lair_generics_rect
Orc:1:    layout_diamond_mine, serial_shops, shop,
          minmay_shop_enchanted_jewellery, nicolae_orc_lava_tube
Orc:2:    st_orc_rangers, layout_caves, serial_shops, nicolae_shop_stone,
          special_room, uniq_donald

Skill      XL: |  1  2  3  4  5  6  7  8  9 10 11 12 13 14 15 16 |
---------------+-------------------------------------------------+-----
Invocations    | 1 2 3 4 5 6 7 8 9 10 11 | 11.6
Short Blades   | 1 2 3 5 6 7 8 9 10 | 10.6
Long Blades    | 1 2 3 5 6 7 8 9 10 | 10.6
Axes           | 1 2 3 5 6 7 8 9 10 | 10.6
Maces & Flails | 1 2 3 5 6 7 8 9 10 | 10.6
Polearms       | 1 2 3 5 6 7 8 9 10 | 10.6
Staves         | 1 2 3 5 6 7 8 9 10 | 10.6
Throwing       | 1 2 3 5 6 7 8 9 10 | 10.6
Armour         | 1 2 3 5 6 7 8 9 10 | 10.6
Shields        | 1 2 3 5 6 7 8 9 10 | 10.6
Unarmed Combat | 1 2 3 5 6 7 8 9 10 | 10.6
Spellcasting   | 1 2 3 5 6 7 8 9 10 | 10.6
Evocations     | 1 2 3 5 6 7 8 9 10 | 10.6
Conjurations   | 1 2 3 4 5 6 7 8 9 |  9.0
Hexes          | 1 2 3 4 5 6 7 8 9 |  9.0
Summonings     | 1 2 3 4 5 6 7 8 9 |  9.0
Necromancy     | 1 2 3 4 5 6 7 8 9 |  9.0
Translocations | 1 2 3 4 5 6 7 8 9 |  9.0
Transmutations | 1 2 3 4 5 6 7 8 9 |  9.0
Fire Magic     | 1 2 3 4 5 6 7 8 9 |  9.0
Ice Magic      | 1 2 3 4 5 6 7 8 9 |  9.0
Air Magic      | 1 2 3 4 5 6 7 8 9 |  9.0
Earth Magic    | 1 2 3 4 5 6 7 8 9 |  9.0
Poison Magic   | 1 2 3 4 5 6 7 8 9 |  9.0
Stealth        | 3 4 5 6 7 8 9 10 | 10.9
Fighting       | 5 6 7 8 9 10 11 | 11.6
Dodging        | 5 6 7 8 9 10 11 | 11.6
Ranged Weapons | 9 10 11 12 13 | 13.4

Action                   |  1- 3 |  4- 6 |  7- 9 | 10-12 | 13-15 | 16-18 || total
-------------------------+-------+-------+-------+-------+-------+-------++-------
Melee: Dagger            |       |     9 |    11 |       |       |       ||    20
       Kick              |       |     4 |    12 |   107 |    95 |    70 ||   288
       Bite              |       |     2 |     3 |    40 |    48 |    24 ||   117
       Punch             |       |       |     2 |     5 |       |       ||     7
       Falchion          |       |       |    16 |   125 |       |       ||   141
       Quarterstaff      |       |       |       |   230 |   322 |   207 ||   759
       Katana            |       |       |       |       |     8 |       ||     8
 Fire: Shortbow          |    63 |   149 |   202 |   118 |       |       ||   532
       Hand crossbow     |       |       |       |    34 |    60 |   130 ||   224
       Arbalest          |       |       |       |       |       |    64 ||    64
 Cast: Hailstorm         |       |       |       |    16 |       |       ||    16
       Freezing Cloud    |       |       |       |       |     1 |       ||     1
Invok: Dark Bargain      |       |       |       |       |     5 |     1 ||     6
Evoke: Wand              |       |     1 |    11 |     6 |     1 |       ||    19
  Use: Potion            |       |     4 |       |     7 |     2 |     1 ||    14
       Scroll            |       |       |       |    14 |     1 |    10 ||    25
 Stab: Sleeping          |       |       |       |     7 |     6 |    10 ||    23
       Distracted        |       |       |       |     1 |    10 |     1 ||    12
Armor: Leather armour    |     2 |    33 |    39 |    46 |       |       ||   120
       Skin              |       |    34 |       |       |       |       ||    34
       Scale mail        |       |       |       |    66 |   103 |    63 ||   232
Dodge: Dodged            |     8 |    61 |   103 |   244 |   206 |   231 ||   853
Block: Other             |       |       |    15 |    87 |    74 |    68 ||   244
       Reflection        |       |       |       |       |     3 |    27 ||    30

Table legend: (Time is in decaauts)
 A = Elapsed time spent in this place.
 B = Non-inter-level travel time spent in this place.
 C = Inter-level travel time spent in this place.
 D = Time resting spent in this place.
 E = Time spent auto-exploring this place.
 F = Levels seen in this place.
 G = Mean time per level.
                   A        B        C        D        E       F      G
               +--------+--------+--------+--------+--------+-----+--------+
         Total |  27557 |  25874 |   1683 |   4722 |  17139 |  22 | 1252.6 |
       Dungeon |  14661 |  13570 |   1091 |   1032 |  10275 |  14 | 1047.2 |
          Lair |   9352 |   8996 |    356 |   2485 |   5349 |   5 | 1870.4 |
  Orcish Mines |   2569 |   2334 |    235 |   1028 |    909 |   2 | 1284.5 |
        Bailey |    974 |    974 |      0 |    175 |    605 |   1 |  974.0 |
               +--------+--------+--------+--------+--------+-----+--------+

Top non-repeatable levels by time:
  Lair:1: 2054 daAuts
  Lair:2: 1964 daAuts
     D:9: 1880 daAuts
  Lair:3: 1867 daAuts
  Lair:4: 1817 daAuts
  Lair:5: 1647 daAuts
     D:8: 1566 daAuts
   Orc:2: 1345 daAuts
     D:6: 1290 daAuts
   Orc:1: 1224 daAuts
     D:4: 1186 daAuts
     D:3: 1111 daAuts
    D:10: 1109 daAuts
     D:7: 987 daAuts
    D:13: 978 daAuts
